 Dungeon Crawl Stone Soup version 0.18-b1-14-g029dad2 (webtiles) character file.

195 Nekros the Covert (level 5, 0/38 HPs)
             Began as a Vampire Assassin on Apr 30, 2016.
             Was an Initiate of Dithmenos.
             Slain by a river rat (7 damage)
             ... summoned by Eustachio
             ... on level 4 of the Dungeon.
             The game lasted 00:29:21 (3634 turns).

Nekros the Covert (Vampire Assassin)                Turns: 3634, Time: 00:29:22

Health: 0/38       AC:  3    Str: 10    XL:     5   Next: 45%
Magic:  5/5        EV: 14    Int: 13    God:    Dithmenos [......]
Gold:   211        SH:  0    Dex: 17    Spells: 0 memorised, 4 levels left

rFire  . . .     SeeInvis +     o - +0 short sword (speed)
rCold  + . .     Gourm    .     c - +0 robe
rNeg   + + .     Faith    .     (no shield)
rPois  +         Spirit   .     (no helmet)
rElec  .         Dismiss  .     d - +0 cloak
rCorr  .         Reflect  .     (no gloves)
SustAt .         Harm     .     (no boots)
MR     .....                    (no amulet)
Stlth  +++++.....               (no ring)
                                (no ring)

@: regenerating slowly, not resistant to hostile enchantments, quite stealthy
A: fangs 3, see invisible, unbreathing
a: Bat Form, Renounce Religion


You were on level 4 of the Dungeon.
You worshipped Dithmenos.
Dithmenos was noncommittal.
You were thirsty.

You visited 1 branch of the dungeon, and saw 4 of its levels.

You collected 211 gold pieces.

Inventory:

Hand Weapons
 a - a +2 dagger
 b - a +0 blowgun
 o - a +0 short sword of speed (weapon)
 v - a +1 war axe of chopping
Missiles
 e - 12 poisoned needles
 f - a curare-tipped needle
 j - 45 sling bullets
 l - 48 arrows
Armour
 c - a +0 robe (worn)
 d - a +0 cloak (worn)
 w - a +0 robe
Scrolls
 i - a scroll of enchant armour {unknown}
 k - 2 scrolls of random uselessness {unknown}
 m - a scroll of identify {unknown}
 n - 3 scrolls of remove curse {unknown}
 r - a scroll of blinking {unknown}
 s - 2 scrolls of recharging {unknown}
 t - a scroll of teleportation {unknown}
 u - 2 scrolls of magic mapping {unknown}
Potions
 g - 14 potions of blood
 h - 5 potions of curing {unknown}
 p - 2 potions of degeneration {unknown}
 q - 2 potions of haste {unknown}


   Skills:
 + Level 2.0 Fighting
 + Level 2.5 Short Blades
 - Level 1.5 Throwing
 - Level 4.1 Dodging
 - Level 8.1 Stealth


You had 4 spell levels left.
You didn't know any spells.

Dungeon Overview and Level Annotations

Branches:
Dungeon (4/15)
 Temple: D:4-7

Altars:
Dithmenos
Fedhas
Makhleb
Nemelex Xobeh
Qazlal
Sif Muna
Trog
Vehumet
Xom
The Shining One

Annotations:
D:4 Eustachio


Innate Abilities, Weirdness & Mutations

You heal slowly.
You have razor-sharp teeth.
You have supernaturally acute eyesight.
You can survive without breathing.


Message History

The quokka bites you.
You miss Eustachio.
Eustachio is almost dead.
The river rat bites you! Eustachio hits you but does no damage.
The quokka closely misses you. The bat hits you.
You closely miss Eustachio.
Eustachio is almost dead.
The bat barely misses you. The quokka closely misses you.
The river rat misses you. The quokka closely misses you.
Eustachio hits you with a rapier.
* * * LOW HITPOINT WARNING * * *
You barely miss Eustachio.
Eustachio is almost dead.
The quokka closely misses you. The bat closely misses you.
You barely miss Eustachio. Your bite misses Eustachio.
Eustachio is almost dead.
The bat barely misses you.
The quokka bites you but does no damage.
The river rat bites you!
You die...

._....................#
..........#####.#######
###...... ####.#####
...... #........#
...... #....(...# ....
+........# ...
#...)....# #...brr..#
#...r@@..# #........#
#........# ##########


You could see Eustachio, a river rat, 2 quokkas and a bat.

Vanquished Creatures
  An ogre (D:3)
  Robin (D:3)
  2 adders
  An ooze (D:2)
  2 worms
  2 dart slugs (D:1)
  3 giant geckos
  2 orcs (D:3)
  12 goblins
  12 hobgoblins
  5 kobolds
  2 quokkas (D:3)
  9 bats
  2 giant newts
  3 rats
59 creatures vanquished.

Notes
Turn   | Place    | Note
--------------------------------------------------------------
     0 | D:1      | Nekros the Vampire Assassin began the quest for the Orb.
     0 | D:1      | Reached XP level 1. HP: 16/16 MP: 1/1
    13 | D:1      | Reached skill level 6 in Stealth
   314 | D:1      | Reached XP level 2. HP: 14/22 MP: 2/2
   810 | D:1      | Reached skill level 7 in Stealth
   950 | D:2      | Reached XP level 3. HP: 27/27 MP: 3/3
  1731 | D:3      | Reached skill level 8 in Stealth
  1740 | D:3      | Noticed Robin
  2326 | D:3      | Reached XP level 4. HP: 33/33 MP: 4/4
  2441 | D:3      | Killed Robin
  2587 | D:3      | Noticed an ogre
  2637 | D:3      | Killed an ogre
  2637 | D:3      | Reached XP level 5. HP: 38/38 MP: 5/5
  3360 | D:3      | Found a glowing golden altar of the Shining One.
  3360 | D:3      | Found a bloodstained altar of Trog.
  3528 | D:4      | Found a shadowy altar of Dithmenos.
  3528 | D:4      | Found a burning altar of Makhleb.
  3528 | D:4      | Found a shimmering altar of Xom.
  3528 | D:4      | Found a blossoming altar of Fedhas.
  3528 | D:4      | Found a radiant altar of Vehumet.
  3529 | D:4      | Found a stormy altar of Qazlal.
  3529 | D:4      | Found a sparkling altar of Nemelex Xobeh.
  3531 | D:4      | Found a deep blue altar of Sif Muna.
  3546 | D:4      | Became a worshipper of Dithmenos the Shadowed
  3597 | D:4      | Noticed Eustachio
  3634 | D:4      | Slain by a river rat

Skill      XL: |  1  2  3  4  5 |
---------------+----------------+-----
Stealth        | 6 7 8 |  8.1
Dodging        | 4 |  4.1
Fighting       | 2 |  2.0
Short Blades   | |  2.5
Throwing       | |  1.5

Action                   |  1- 3 |  4- 6 || total
-------------------------+-------+-------++-------
Melee: Dagger            |    55 |     1 ||    56
       Short sword       |    40 |    85 ||   125
       Bite              |     3 |    14 ||    17
 Fire: Blowgun           |    17 |    14 ||    31
 Abil: End Transformatio |     1 |     1 ||     2
       Bat Form          |     1 |     1 ||     2
  Use: Potion            |     2 |       ||     2
 Stab: Sleeping          |     8 |     8 ||    16
  Eat: Corpse            |       |     2 ||     2
Armor: Robe              |    28 |    18 ||    46
Dodge: Dodged            |    62 |    70 ||   132
